 Dungeon Crawl Stone Soup version 0.27-a0-277-g024f7ef292 (webtiles) character file.

Game seed: 9265514415018287353

828090 Gieldon the Slayer (level 27, -20/188 HPs)
             Began as a Gargoyle Earth Elementalist on Feb 4, 2021.
             Was the Champion of Vehumet.
             Killed from afar by a Brimstone Fiend (30 damage)
             ... with damnation
             ... on level 25 of a ziggurat on Feb 6, 2021.
             The game lasted 04:31:20 (68275 turns).

Gieldon the Slayer (Gargoyle Earth Elementalist)   Turns: 68275, Time: 04:31:20

Health: -20/188    AC: 42    Str: 11    XL:     27
Magic:  56/56      EV: 27    Int: 39    God:    Vehumet [******]
Gold:   8240       SH:  8    Dex: 19    Spells: 9/66 levels left

rFire    + + +     SeeInvis .   c - +9 demon whip (elec)
rCold    + . .     Faith    .   b - +2 buckler of Buffaleff {Rampage rF+++ rCorr Str-4}
rNeg     + + +     Spirit   .   M - +2 robe of the Equator {*Drain rElec Regen+ Int+5}
rPois    ∞         Reflect  .   j - +2 hood of the Assassin {Detection Stab+ Stlth++}
rElec    +         Harm     .   x - +2 cloak {rCorr}
rCorr    +         Rampage  +   p - +0 pair of fencer's gloves {Riposte Dex+3}
Will     +++..                  l - +1 pair of boots of Kindness {rElec rN+ MP+9}
Stlth    +++++++...             W - amulet "Uxtomy Ikkou" {rElec Regen+ Int+2 Dex+4}
HPRegen  1.61/turn              R - ring of Qyrifub {Int+6 Slay+3}
MPRegen  0.35/turn              V - ring of wizardry

@: lich-form, weakened, sap magic, flying, very slightly contaminated, studying
7 skills, extremely magic sapped
A: big wings, repulsion field 1, iridescent scales 1, thin skeletal structure 1,
negative energy resistance 1, regeneration 1, electricity resistance, wild magic
1, unbreathing, petrification resistance, miasma immunity, AC +20
}: 5/15 runes: decaying, serpentine, slimy, silver, abyssal
a: Stop Flying, End Transformation, Renounce Religion


You were on level 25 of a ziggurat.
You worshipped Vehumet.
Vehumet was exalted by your worship.
You were a lich.
You visited 11 branches of the dungeon, and saw 53 of its levels.
You visited the Abyss 2 times.
You visited 1 ziggurat, and saw 25 of its levels.
You also visited: Trove, Sewer, Bailey, Volcano and Wizlab.

You collected 10771 gold pieces.
You spent 2531 gold pieces at shops.

Inventory:

Hand Weapons
 c - a +9 demon whip of electrocution (weapon)
 q - a +9 vorpal eveningstar
Armour
 b - the +2 buckler of Buffaleff (worn) {Rampage rF+++ rCorr Str-4}
   (You took it off a necromancer on level 4 of the Vaults)

   It affects your strength (-4).
   It renders you almost immune to fire.
   It provides partial protection from all sources of acid and corrosion.
   It bestows one free step when moving towards enemies.
 j - the +2 hood of the Assassin (worn) {Detection Stab+ Stlth++}
   (You found it on level 6 of a ziggurat)

   It makes you much more stealthy.
 l - the +1 pair of boots of Kindness (worn) {rElec rN+ MP+9}
   (You found it on level 5 of the Vaults)

   It insulates you from electricity.
   It protects you from negative energy.
   It affects your magic capacity (+9).
 p - the +0 pair of fencer's gloves (worn) {Riposte Dex+3}
   (You found it on level 3 of the Depths)

   It affects your dexterity (+3).
 x - a +2 cloak of preservation (worn)
 M - the +2 robe of the Equator (worn) {*Drain rElec Regen+ Int+5}
   (You found it on level 9 of the Dungeon)

   It affects your intelligence (+5).
   It insulates you from electricity.
   It increases your rate of regeneration.
   It causes draining when unequipped.
Jewellery
 m - the ring of Okawaru's Wrath {+Fly rPois Slay+2 SInv}
   (You found it on level 4 of the Depths)

   [ring of see invisible]

   It affects your accuracy and damage with ranged weapons and melee attacks
   (+2).
   It protects you from poison.
   It lets you see invisible.
   It lets you fly.
 u - the ring "Jeush" {rF+ AC+4 Int+4}
   (You found it on level 12 of a ziggurat)

   [ring of protection]

   It affects your AC (+4).
   It affects your intelligence (+4).
   It protects you from fire.
 G - the ring "Ahoq" {+Blink rElec EV+4 Str+3 Int+3}
   (You found it on level 23 of a ziggurat)

   [ring of evasion]

   It affects your evasion (+4).
   It affects your strength (+3).
   It affects your intelligence (+3).
   It insulates you from electricity.
   It lets you blink.
 R - the ring of Qyrifub (left hand) {Int+6 Slay+3}
   (You found it in a treasure trove)

   [ring of intelligence]

   It affects your intelligence (+6).
   It affects your accuracy and damage with ranged weapons and melee attacks
   (+3).
 S - the ring of Virtue {+Inv rPois EV+4 Dex+2 Stlth+}
   (You acquired it on level 3 of the Elven Halls)

   [ring of evasion]

   It affects your evasion (+4).
   It affects your dexterity (+2).
   It protects you from poison.
   It lets you turn invisible.
   It makes you more stealthy.
 V - a ring of wizardry (right hand)
 W - the amulet "Uxtomy Ikkou" (around neck) {rElec Regen+ Int+2 Dex+4}
   (You found it in a treasure trove)

   [amulet of regeneration]

   It affects your intelligence (+2).
   It affects your dexterity (+4).
   It insulates you from electricity.
   It increases your rate of regeneration.
Wands
 N - a wand of acid (51)
 P - a wand of iceblast (37)
Scrolls
 d - 7 scrolls of holy word
 e - 11 scrolls of blinking
 f - 5 scrolls of magic mapping
 i - 29 scrolls of remove curse
 n - 6 scrolls of enchant armour
 t - 38 scrolls of teleportation
 y - 9 scrolls of identify
 z - 8 scrolls of summoning
 B - 2 scrolls of enchant weapon
 C - 14 scrolls of amnesia
 I - 23 scrolls of fog
 U - 8 scrolls of immolation
Potions
 a - 6 potions of resistance
 h - 3 potions of haste
 o - 10 potions of might
 r - 31 potions of curing
 s - 4 potions of berserk rage
 v - 9 potions of heal wounds
 w - 7 potions of magic
 A - 8 potions of ambrosia
 D - 6 potions of cancellation
 E - 46 potions of mutation
 F - 4 potions of invisibility
 J - 8 potions of brilliance
Miscellaneous
 g - a box of beasts
 k - a phantom mirror
 H - a condenser vane
 L - a lightning rod (4/4)
 Y - a tin of tremorstones (2/2)


   Skills:
 + Level 23.1 Fighting
 - Level 16.0 Maces & Flails
 - Level 6.0 Armour
 - Level 15.0 Dodging
 - Level 6.6 Stealth
 - Level 4.0 Shields
 + Level 20.4 Spellcasting
 - Level 20.0 Conjurations
 - Level 15.0 Necromancy
 - Level 10.0 Transmutations
 - Level 22.0 Fire Magic
 + Level 20.7 Ice Magic
 - Level 22.0 Earth Magic
 - Level 10.0 Evocations


You had 9 spell levels left.
You knew the following spells:

 Your Spells              Type           Power        Failure   Level
a - Shatter               Erth           67%          16%         9
b - Stone Arrow           Conj/Erth      100%         3%          3
c - Lee's Rapid Deconstr  Erth           67%          3%          5
d - Iron Shot             Conj/Erth      66%          3%          6
e - Absolute Zero         Ice            66%          21%         9
f - Fire Storm            Conj/Fire      66%          19%         9
g - Ignition              Fire           67%          7%          8
i - Necromutation         Tmut/Necr      66%          69%         8

Your spell library contained the following spells:

 Spells                   Type           Power        Failure   Level
 Foxfire                  Conj/Fire      100%         3%          1
 Freeze                   Ice            100%         3%          1
 Magic Dart               Conj           100%         3%          1
 Sandblast                Erth           100%         3%          1
 Shock                    Conj/Air       100%         3%          1
 Searing Ray              Conj           100%         3%          2
 Conjure Flame            Conj/Fire      100%         3%          3
 Frozen Ramparts          Ice            100%         3%          3
 Inner Flame              Hex/Fire       100%         3%          3
 Hailstorm                Conj/Ice       100%         3%          4
 Sticky Flame             Conj/Fire      100%         3%          4
 Bolt of Magma            Conj/Fire/Erth 66%          3%          5
 Fireball                 Conj/Fire      66%          3%          5
 Iskenderun's Battlesphe  Conj           100%         3%          5
 Starburst                Conj/Fire      66%          3%          6
 Dazzling Flash           Conj/Hex       100%         4%          3
 Ignite Poison            Fire/Tmut/Pois 100%         4%          3
 Static Discharge         Conj/Air       100%         4%          3
 Fulminant Prism          Conj/Hex       50%          4%          4
 Iskenderun's Mystic Bla  Conj/Tloc      100%         4%          4
 Irradiate                Conj/Tmut      58%          4%          5
 Ozocubu's Refrigeration  Ice            66%          4%          7
 Mephitic Cloud           Conj/Pois/Air  88%          5%          3
 Orb of Destruction       Conj           65%          5%          7
 Lightning Bolt           Conj/Air       50%          6%          5
 Freezing Cloud           Conj/Ice/Air   56%          6%          6
 Conjure Ball Lightning   Conj/Air       50%          9%          6
 Yara's Violent Unravell  Hex/Tmut       40%          10%         5
 Animate Skeleton         Necr           100%         12%         1
 Beastly Appendage        Tmut           100%         12%         1
 Pain                     Necr           100%         12%         1
 Ensorcelled Hibernation  Hex/Ice        100%         12%         2
 Passwall                 Tmut/Erth      100%         12%         2
 Wereblood                Tmut           100%         12%         2
 Ozocubu's Armour         Ice            100%         12%         3
 Vampiric Draining        Necr           70%          12%         3
 Animate Dead             Necr           70%          12%         4
 Ice Form                 Ice/Tmut       100%         12%         4
 Petrify                  Tmut/Erth      100%         12%         4
 Borgnjor's Vile Clutch   Necr/Erth      75%          12%         5
 Corpse Rot               Necr/Air       N/A          14%         2
 Airstrike                Air            25%          14%         4
 Agony                    Necr           100%         14%         5
 Excruciating Wounds      Necr           70%          14%         5
 Sting                    Tmut/Pois      100%         16%         1
 Animate Armour           Summ/Erth      100%         16%         4
 Leda's Liquefaction      Hex/Erth       52%          16%         4
 Summon Ice Beast         Ice/Summ       100%         16%         4
 Simulacrum               Ice/Necr       74%          16%         6
 Spellforged Servitor     Conj/Summ      50%          16%         7
 Death Channel            Necr           70%          19%         6
 Eringya's Noxious Bog    Tmut/Pois      40%          19%         6
 Spider Form              Tmut/Pois      40%          21%         3
 Blade Hands              Tmut           50%          21%         5
 Metabolic Englaciation   Hex/Ice        51%          21%         5
 Apportation              Tloc           100%         24%         1
 Corona                   Hex            56%          24%         1
 Summon Small Mammal      Summ           100%         24%         1
 Blink                    Tloc           N/A          26%         2
 Call Imp                 Summ           51%          26%         2
 Poisonous Vapours        Pois/Air       100%         26%         2
 Slow                     Hex            51%          26%         2
 Hydra Form               Tmut           50%          30%         6
 Call Canine Familiar     Summ           51%          32%         3
 Confusing Touch          Hex            51%          32%         3
 Gell's Gravitas          Tloc           25%          32%         3
 Lesser Beckoning         Tloc           25%          32%         3
 Portal Projectile        Hex/Tloc       100%         32%         3
 Summon Guardian Golem    Hex/Summ       51%          32%         3
 Teleport Other           Tloc           51%          32%         3
 Tukima's Dance           Hex            51%          32%         3
 Alistair's Intoxication  Tmut/Pois      53%          32%         5
 Cause Fear               Hex            25%          45%         4
 Passage of Golubria      Tloc           N/A          45%         4
 Summon Lightning Spire   Summ/Air       51%          45%         4
 Dragon Form              Tmut           50%          50%         7
 Borgnjor's Revivificati  Necr           70%          50%         8
 Infestation              Necr           70%          50%         8
 Silence                  Hex/Air        25%          63%         5
 Summon Forest            Summ/Tloc      25%          63%         5
 Summon Mana Viper        Hex/Summ       51%          63%         5
 Dispersal                Tloc           25%          91%         6
 Invisibility             Hex            51%          91%         6
 Shadow Creatures         Summ           N/A          91%         6
 Death's Door             Necr           70%          95%         9
 Malign Gateway           Summ/Tloc      25%          100%        7
 Summon Hydra             Summ           25%          100%        7
 Discord                  Hex            25%          100%        8
 Dragon's Call            Summ           25%          100%        9
 Tornado                  Air            25%          100%        9
 Sublimation of Blood     Necr           Unusable     N/A         2
 Statue Form              Tmut/Erth      Unusable     N/A         6

Dungeon Overview and Level Annotations

Branches:
Dungeon (15/15)            Temple (1/1) D:5            Lair (6/6) D:11
  Swamp (4/4) Lair:3        Snake (4/4) Lair:4        Slime (5/5) Lair:5
    Orc (2/2) D:12            Elf (3/3) Orc:2        Vaults (5/5) D:13
  Crypt (3/3) Vaults:3       Tomb (0/3) Crypt:3      Depths (5/5) D:15
    Zot (0/5) Depths:5      Sewer (visited)          Bailey (visited)
Volcano (visited)          WizLab (visited)

Altars:
Ashenzari
Fedhas
Gozag
Hepliaklqana
Kikubaaqudgha
Okawaru
Qazlal
Ru
Trog
Vehumet
Xom
Yredelemnul
Zin
The Shining One
Jiyva

Shops:
D:4 !   D:7 (?(xx   Orc:1 [   Orc:2 (?=   Elf:3 =   Snake:2 :   Vaults:1 [
Vaults:2 !

Portals:
Hell: Depths:1 Depths:2 Depths:3 Depths:4 Depths:5
Abyss: Depths:4
Pandemonium: Depths:1 Depths:3

Annotations:
Lair:2 1 runed translucent door, Okhlollyo's ghost, journeyman MiFi
Swamp:3 confidenceinterval's ghost, adept TrFi
Snake:2 3 runed translucent doors, Beaer's ghost, journeyman VSBr; Morbidden's ghost, adept TrFi; kutty's ghost, adept OgBe
Elf:2 4 runed translucent doors, Canirch's ghost, adept HOFi
Depths:4 2 transporters


Innate Abilities, Weirdness & Mutations

You are resistant to torment.
Your stone body is resilient. (AC +20)
You are immune to poison.
Your large and strong wings let you fly indefinitely.
You resist negative energy. (rN+)
You are resistant to electric shocks. (rElec)
You can survive without breathing.
You are immune to petrification.
You are immune to miasma.
You are surrounded by a mild repulsion field. (EV +2)
You are partially covered in iridescent scales. (AC +2)
You have a somewhat thin skeletal structure. (Dex +2, Stealth)
Your natural rate of healing is unusually fast.
Your spells are a little harder to cast, but a little more powerful.


Message History

Unknown command.
Unknown command.
Unknown command.
Casting: Shatter (dangerous; 16% risk of failure)
Confirm with . or Enter, or press ? or * to list all spells.
You miscast Shatter.
You are caught in an explosion of flying shrapnel.
The Brimstone Fiend closely misses you.
You riposte.
You hit the Brimstone Fiend.
Lightning courses through the Brimstone Fiend!
You kill the Brimstone Fiend!
Vehumet accepts your kill.
You feel your power returning. The Brimstone Fiend gestures at you.
The sphere of damnation explodes!
The damnation engulfs you!!
* * * LOW HITPOINT WARNING * * *
An orange demon comes into view.
The Brimstone Fiend gestures at you.
The sphere of damnation explodes!
The damnation engulfs you!!
You die...

▓▓.............
▓▓...........)..
▓▓...............
▓▓..........[.))..
▓▓..........)○)[)4.
▓▓...........○.[..3.
▓▓...........))1...6.
▓.∩..........L.1.61.4
▓▓............°...6..
▓▓..................
▓▓................)
▓▓................
▓▓...............
▓▓..............
▓▓.............


You could see 3 Brimstone Fiends, 2 demonspawn, a gelid black sun (icemail), a
soul eater and 2 orange demons.

Vanquished Creatures
  the Royal Jelly (Slime:5)
  3 dread liches
  2 ancient liches
  A pandemonium lord (Zig:25)
  Sojobo (Crypt:3)
  Boris (Vaults:3)
  Saint Roka (Snake:3)
  The ghost of Bibloirgh the Sorcerer, a veteran DECj of Vehumet (Crypt:2)
  Nikola (Depths:2)
  The ghost of Bonn the Peltast, a veteran KoDe of Wu Jian (Vaults:4)
  7 golden dragons
  2 pearl dragons
  7 bone dragons
  A mutant beast (WizLab)
  3 profane servitors (Zig:15)
  2 Tzitzimimeh
  The ghost of Acleikk the Earth Mage, an adept GrEE of Vehumet (Vaults:3)
  13 tentacled monstrosities
  A Brimstone Fiend (Zig:25)
  4 doom hounds (Zig:24)
  4 hellephants
  2 Hell Sentinels (Zig:25)
  4 Ice Fiends
  4 deep elf blademasters
  A quicksilver dragon (Zig:9)
  15 liches
  6 titans
  13 deep elf master archers
  33 acid blobs
  5 Executioners
  7 tentacled starspawn
  2 sphinxes
  3 thorn hunters
  8 ancient champions
  8 shadow dragons
  Donald (Snake:1)
  Roxanne (Snake:2)
  2 draconian monks (Zig:20)
  12 revenants
  8 storm dragons
  2 fenstrider witches
  17 tengu reavers
  3 daevas
  7 draconian knights
  14 nagarajas
  An azure jelly (shapeshifter) (Vaults:3)
  9 fire giants
  The ghost of Gekinioc the Severer, a journeyman NaBe of Trog (D:15)
  13 frost giants
  14 azure jellies
  3 black suns (Zig:25)
  3 iron dragons
  10 deep elf sorcerers
  22 vault wardens
  4 balrugs
  2 orc warlords
  2 emperor scorpions (Zig:14)
  4 warmongers (Zig:25)
  3 ghost moths
  Louise (Snake:2)
  Aizul (Swamp:4)
  2 juggernaut zombies
  7 angels
  A cacodemon (Abyss:1)
  14 ghouls
  6 draconian scorchers
  10 draconian shifters
  3 spriggan defenders
  5 curse skulls
  5 draconian stormcallers (Zig:20)
  10 reapers
  4 draconian annihilators
  24 ironheart preservers
  33 very ugly things
  5 ophanim
  5 deep elf elementalists
  2 war gargoyles (Vaults:5)
  A caustic shrike skeleton (Zig:24)
  5 blood saints
  24 stone giants
  11 deep elf demonologists
  A juggernaut skeleton (Zig:24)
  7 corrupters
  3 apis
  3 green draconians
  16 vampire knights
  5 lorocyprocas
  6 yellow draconians
  6 dire elephants
  2 white draconians
  An entropy weaver (shapeshifter) (Vaults:5)
  3 black draconians
  14 spark wasps
  21 deep elf annihilators
  5 bunyips
  4 red draconians
  5 green deaths
  15 jiangshi
  13 deep elf death magi
  10 eidola
  3 merfolk javelineers
  5 eleionomae
  17 ettins
  5 blizzard demons
  2 merfolk impalers
  20 deep elf high priests
  12 fire dragons
  11 death oozes
  22 yaktaur captains
  Josephine (D:13)
  A quicksilver dragon skeleton (Crypt:2)
  5 shambling mangroves
  7 rakshasas
  38 vault guards
  A hell beast (Zig:25)
  19 ice dragons
  5 spriggan air magi
  26 hydras
  13 great orbs of eyes
  An anaconda (shapeshifter) (Vaults:5)
  13 anacondas
  4 death knights
  12 naga warriors
  5 ghost crabs
  4 boulder beetles
  14 centaur warriors
  A catoblepas (Lair:6)
  39 two-headed ogres
  18 ogre magi
  29 dancing weapons
  9 alligators
  2 merfolk aquamancers
  4 tengu warriors
  25 vampire magi
  10 death yaks (Lair:6)
  16 deep troll earth magi
  Urug (Lair:3)
  7 deep troll shamans
  A shock serpent (shapeshifter) (WizLab)
  4 orc high priests
  15 naga sharpshooters
  6 shock serpents
  4 thrashing horrors
  6 hell knights
  4 spriggan berserkers
  27 large abominations
  5 storm dragon zombies
  Sonja (Lair:4)
  9 spriggans
  4 sun demons
  An iron golem (WizLab)
  6 soul eaters
  2 iron trolls (Depths:3)
  8 wretched stars
  21 deep elf knights
  2 sixfirhies
  2 sea snakes (shapeshifter)
  6 salamander mystics
  5 cherubim
  2 goliath frogs
  2 storm dragon skeletons
  2 shadow wraiths
  A spark wasp zombie (Zig:6)
  49 deep trolls
  6 glowing orange brains
  16 skeletal warriors
  4 golden dragon zombies
  A quicksilver dragon simulacrum (Crypt:2)
  11 flayed ghosts
  A deep troll (shapeshifter) (WizLab)
  6 unseen horrors
  6 lindwurms
  10 spriggan druids
  An infernal demonspawn (Zig:25)
  19 deep elf archers
  6 wizards
  14 bog bodies
  16 swamp dragons
  16 necromancers
  2 obsidian statues (Zig:16)
  5 shadow demons
  3 spectral hydras (Swamp:4)
  5 death drakes
  6 naga ritualists
  2 wolf spider zombies
  2 golden dragon skeletons (Zig:24)
  2 wolf spiders (shapeshifter)
  Pikel (D:9)
  31 deep elf pyromancers
  A harpy (shapeshifter) (WizLab)
  2 shadow dragon skeletons
  2 shadow dragon zombies
  18 phantasmal warriors
  13 ironbrand convokers
  A lindwurm (shapeshifter) (Depths:3)
  2 orange crystal statues
  A mana viper (shapeshifter) (WizLab)
  21 orc knights
  15 mana vipers
  39 deep elf zephyrmancers
  12 salamanders
  11 orc sorcerers
  4 wolf spiders
  73 ugly things
  An orb spider (shapeshifter) (Vaults:5)
  14 shining eyes
  A manticore (D:11)
  A fire giant zombie (Crypt:3)
  2 shining eyes (shapeshifter)
  3 worldbinders
  4 cyclopes
  11 will-o-the-wisps
  2 cyclopes (shapeshifter)
  A salamander (shapeshifter) (Vaults:2)
  3 sphinx skeletons
  88 slime creatures
  An iron dragon skeleton (Crypt:3)
  11 elephants
  3 rust devils
  2 dire elephant zombies
  12 guardian serpents
  5 torpor snails
  6 eyes of devastation
  2 fire giant skeletons
  2 guardian serpents (shapeshifter)
  23 naga magi
  A cane toad (shapeshifter) (Vaults:2)
  An ice statue (Zig:16)
  25 vault sentinels
  Joseph (D:10)
  7 cane toads
  9 smoke demons
  A stone giant skeleton (Zig:6)
  46 black mambas
  2 black mambas (shapeshifter)
  An orange demon (Zig:7)
  A yellow draconian zombie (Crypt:3)
  An apocalypse crab (Zig:22)
  3 gargoyles
  2 elf zombies (Zig:24)
  Maggie (D:10)
  A yaktaur zombie (Vaults:4)
  4 centaur skeletons
  9 komodo dragons
  A yaktaur (shapeshifter) (WizLab)
  A kobold demonologist (D:12)
  5 rime drakes
  A komodo dragon (shapeshifter) (WizLab)
  An emperor scorpion zombie (Crypt:3)
  A sea snake zombie (Crypt:3)
  6 tormentors
  5 hellions
  4 swamp worm zombies (Swamp:4)
  66 yaktaurs
  2 demonic crawlers (D:14)
  4 hellwings
  A sea snake skeleton (Crypt:3)
  3 efreet
  3 ice devils
  8 freezing wraiths
  2 tengu conjurers
  4 guardian mummies (Crypt:3)
  5 ancient zymes
  A golden dragon simulacrum (Zig:12)
  An elf (Vaults:3)
  A death drake zombie (Crypt:2)
  3 red devils
  7 trolls
  A yaktaur skeleton (Vaults:2)
  A jumping spider (Zig:14)
  A jumping spider (shapeshifter) (WizLab)
  2 meliai (shapeshifter) (WizLab)
  2 human skeletons
  3 meliai (D:15)
  2 queen bees (shapeshifter) (WizLab)
  2 trolls (shapeshifter)
  6 hydra zombies
  6 polar bears
  A silent spectre (Zig:24)
  A death drake skeleton (Crypt:1)
  16 tyrant leeches
  A queen bee (Lair:1)
  Grinder (D:3)
  5 bloated husks
  21 hornets
  A wind drake (shapeshifter) (D:15)
  A harpy skeleton (Crypt:2)
  A hornet (shapeshifter) (Zig:22)
  An iron troll skeleton (Crypt:2)
  A sphinx simulacrum (Vaults:4)
  A guardian serpent zombie (Crypt:1)
  2 fire giant simulacra
  An iron dragon simulacrum (Crypt:2)
  3 raiju (shapeshifter)
  A guardian serpent skeleton (Crypt:3)
  A fire dragon zombie (Crypt:3)
  2 dream sheep (Lair:6)
  5 raiju
  16 blink frogs
  4 alligator zombies (Swamp:4)
  4 spectral swamp dragons (Swamp:4)
  4 flying skulls
  An ettin skeleton (Vaults:3)
  A redback (shapeshifter) (Vaults:2)
  3 shadows
  2 air elementals
  13 wraiths
  A spriggan (shapeshifter) (Vaults:4)
  A tarantella (shapeshifter) (Zig:7)
  5 ynoxinuls
  19 starcursed masses
  21 vampires (Crypt:3)
  Sigmund (D:5)
  2 basilisks (shapeshifter)
  7 basilisks
  3 wyverns
  A wind drake zombie (Crypt:2)
  3 fire elementals
  16 water elementals
  A wyvern (shapeshifter) (Depths:1)
  77 yaks
  A human (shapeshifter) (WizLab)
  3 golden eyes (Slime:1)
  16 humans (D:13)
  4 chaos spawn (Zig:22)
  3 elf skeletons (Zig:24)
  10 vampire mosquitoes
  3 human simulacra
  2 steam dragons (Zig:9)
  A hog (shapeshifter) (Depths:1)
  11 neqoxecs
  9 wargs
  Edmund (D:5)
  A naga (shapeshifter) (D:13)
  54 nagas
  A warg (shapeshifter) (WizLab)
  2 soldier ants
  15 swamp worms
  A soldier ant (shapeshifter) (Vaults:4)
  7 acid dragons
  21 water moccasins
  A deep troll skeleton (Vaults:4)
  8 floating eyes
  3 hell hounds
  7 sky beasts
  48 orc warriors
  A manticore zombie (Crypt:3)
  4 swamp dragon zombies
  15 eyes of draining
  5 swamp drakes
  14 necrophages
  A snapping turtle zombie (Crypt:2)
  9 ice beasts
  6 black bears
  31 ogres
  A fire dragon simulacrum (Crypt:3)
  A swamp dragon skeleton (Crypt:1)
  8 boggarts
  An ogre (shapeshifter) (Vaults:4)
  12 wolves
  35 centaurs
  10 phantoms
  A snapping turtle skeleton (Crypt:1)
  6 big kobolds
  A big kobold (shapeshifter) (WizLab)
  8 human zombies
  A bullfrog (shapeshifter) (WizLab)
  3 earth elementals
  17 bullfrogs
  A wyvern zombie (Crypt:3)
  A glowing shapeshifter simulacrum (Vaults:3)
  3 gnoll sergeants (D:12)
  A wyvern skeleton (D:6)
  2 spriggan zombies
  30 killer bees
  3 scorpions
  A polar bear zombie (Crypt:1)
  24 wights
  A troll skeleton (Crypt:2)
  9 howler monkeys
  4 electric eels (Lair:1)
  A bullfrog zombie (D:11)
  3 centaur zombies
  16 small abominations
  6 quasits
  A gnoll shaman (D:4)
  6 hounds
  2 iron imps
  20 orc priests
  2 bullfrog skeletons
  7 jellies
  8 iguanas
  32 orc wizards
  A spectral swamp drake (Swamp:4)
  7 worker ants
  An ogre skeleton (Crypt:2)
  An ogre zombie (Crypt:1)
  A big kobold skeleton (Crypt:3)
  A hound skeleton (D:11)
  3 mummies
  A howler monkey zombie (D:8)
  29 gnolls
  A howler monkey skeleton (Crypt:2)
  17 adders
  3 shadow imps (Zig:24)
  A steam dragon skeleton (Crypt:1)
  4 white imps
  3 ufetubi
  6 oozes (D:14)
  An adder zombie (D:6)
  12 worms
  3 dart slugs
  7 leopard geckos
  82 orcs
  2 ball pythons (D:1)
  15 giant cockroaches
  A gnoll zombie (Crypt:1)
  10 goblins
  15 hobgoblins
  6 jackals
  22 kobolds
  3 quokkas
  15 bats
  7 frilled lizards
  A frilled lizard skeleton (Crypt:2)
  2 kobold skeletons (Crypt:2)
  2 kobold zombies
  A quokka skeleton (D:5)
  4 rats
  A rat skeleton (Crypt:1)
  A block of ice (Zig:25)
  3 briar patches (Swamp:4)
  2 plants (Depths:5)
  4 starspawn tentacles
3334 creatures vanquished.

Vanquished Creatures (collateral kills)
  3 acid blobs
  An azure jelly (Slime:5)
  A war gargoyle (Zig:6)
  A death ooze (Slime:5)
  A shambling mangrove (Zig:5)
  A great orb of eyes (Zig:21)
  A slime creature (Zig:21)
  A floating eye (Zig:21)
10 creatures vanquished.

Vanquished Creatures (others)
  A golden dragon (Zig:17)
  A bone dragon (Swamp:4)
  A very ugly thing (Depths:4)
  A ghost crab (Swamp:4)
  A spriggan (Swamp:4)
  A spriggan druid (Zig:17)
  2 deep trolls (Depths:2)
  A cyclops (D:15)
  A yaktaur (Vaults:3)
  A tormentor (Zig:24)
  2 bloated husks (Swamp:4)
  A hornet (Swamp:4)
  A swamp drake (Zig:9)
  An orc wizard (Snake:3)
  3 shadow imps (Zig:24)
  2 blocks of ice (Zig:21)
  A briar patch (Swamp:4)
  A bush (Lair:6)
  77 fire vortices
  16 foxfires
  12 fungi
  50 plants
  2 starspawn tentacles
  4 withered plants (Snake:2)
184 creatures vanquished.

Grand Total: 3528 creatures vanquished

Notes
Turn   | Place    | Note
-------+----------+-------------------------------------------
     0 | D:1      | Gieldon the Gargoyle Earth Elementalist began the quest for
                  | the Orb.
     0 | D:1      | Reached XP level 1. HP: 10/10 MP: 3/3
   240 | D:2      | Reached XP level 2. HP: 15/15 MP: 5/5
   849 | D:1      | Reached XP level 3. HP: 18/19 MP: 6/6
   853 | D:1      | Learned a level 3 spell: Stone Arrow
  1880 | D:2      | Reached skill level 1 in Conjurations
  2013 | D:2      | Reached XP level 4. HP: 24/24 MP: 8/8
  2076 | D:2      | Found an opulent altar of Gozag.
  2361 | D:3      | Found a glowing drain.
  2373 | Sewer    | Entered a sewer
  2445 | Sewer    | Noticed a water moccasin
  2457 | Sewer    | Killed a water moccasin
  2458 | Sewer    | Reached skill level 5 in Earth Magic
  2458 | Sewer    | Reached XP level 5. HP: 23/28 MP: 0/10
  2819 | D:3      | Found a bloodstained altar of Trog.
  2975 | D:3      | Found a glowing golden altar of the Shining One.
  3000 | D:3      | Noticed Grinder
  3004 | D:3      | Paralysed by Grinder for 2 turns
  3013 | D:3      | Killed Grinder
  3014 | D:3      | Reached XP level 6. HP: 32/32 MP: 1/12
  3291 | D:3      | Reached XP level 7. HP: 24/36 MP: 10/13
  3562 | D:4      | Got a flickering brass ring
  3563 | D:4      | Identified the ring "Loguts" {rPois rF+} (You found it on
                  | level 4 of the Dungeon)
  3905 | D:4      | Found a sacrificial altar of Ru.
  4082 | D:4      | Learned a level 5 spell: Lee's Rapid Deconstruction
  4236 | D:4      | Found Fushimoz's Distillery.
  4241 | D:4      | Bought a potion of heal wounds for 60 gold pieces
  4241 | D:4      | Bought a potion of heal wounds for 60 gold pieces
  4241 | D:4      | Bought a potion of magic for 96 gold pieces
  4679 | D:5      | Entered Level 5 of the Dungeon
  4803 | D:5      | Noticed Edmund
  4808 | D:5      | Killed Edmund
  4809 | D:5      | Reached skill level 1 in Fighting
  4809 | D:5      | Reached skill level 1 in Armour
  4809 | D:5      | Reached skill level 1 in Evocations
  4809 | D:5      | Reached XP level 8. HP: 43/43 MP: 1/15
  4914 | D:5      | Noticed Sigmund
  4924 | D:5      | Killed Sigmund
  4925 | D:5      | Reached skill level 1 in Maces & Flails
  5523 | D:5      | Reached skill level 5 in Spellcasting
  5732 | D:5      | Found a staircase to the Ecumenical Temple.
  5739 | D:5      | Reached skill level 5 in Conjurations
  5745 | Temple   | Entered the Ecumenical Temple
  5775 | Temple   | Became a worshipper of Vehumet
  6001 | D:6      | Reached skill level 2 in Fighting
  6741 | D:6      | Reached XP level 9. HP: 46/49 MP: 16/16
  7059 | D:7      | Found Seuducyi's Gadget Emporium.
  7068 | D:7      | Reached skill level 3 in Fighting
  7182 | D:7      | Found a hazy altar of Hepliaklqana.
  7183 | D:7      | Found Amaur's Weapon Shop.
  7384 | D:7      | Found Ekigaiho's Magic Scroll Emporium.
  7397 | D:7      | Bought a scroll of enchant weapon for 90 gold pieces
  7398 | D:7      | Bought a scroll of identify for 24 gold pieces
  7398 | D:7      | Bought a scroll of identify for 24 gold pieces
  7502 | D:7      | Found Xuffoenk's Antique Weapon Boutique.
  7555 | D:7      | Found Wocwan's Gadget Shop.
  7597 | D:7      | Reached * piety under Vehumet
  7597 | D:7      | Offered knowledge of Foxfire by Vehumet.
  8051 | D:8      | Noticed a two-headed ogre
  8065 | D:8      | Killed a two-headed ogre
  8129 | D:8      | Reached skill level 4 in Fighting
  8198 | D:8      | Noticed a two-headed ogre
  8205 | D:8      | Killed a two-headed ogre
  8206 | D:8      | Reached XP level 10. HP: 23/58 MP: 12/19
  8396 | D:8      | Identified the +1 ring mail "Casch" {+Inv rPois rC-}
  8456 | D:8      | Gained mutation: You are agile. (Dex +2) [potion of
                  | mutation]
  8456 | D:8      | Gained mutation: Your natural rate of healing is unusually
                  | fast. [potion of mutation]
  8456 | D:8      | Gained mutation: You have large cloven feet. [potion of
                  | mutation]
  9513 | D:9      | Noticed Pikel
  9527 | D:9      | Killed Pikel
  9528 | D:9      | Reached skill level 5 in Fighting
  9581 | D:9      | Offered knowledge of Freeze by Vehumet.
  9711 | D:9      | Noticed an unseen horror
  9731 | D:9      | Killed an unseen horror
  9732 | D:9      | Reached skill level 5 in Armour
  9764 | D:9      | Reached ** piety under Vehumet
  9960 | D:9      | Got a creamy pearl robe
  9970 | D:9      | Identified the +2 robe of the Equator {*Drain rElec Regen+
                  | Int+5} (You found it on level 9 of the Dungeon)
 10067 | D:9      | Noticed an orange crystal statue
 10071 | D:9      | Killed an orange crystal statue
 10072 | D:9      | Reached XP level 11. HP: 64/64 MP: 0/20
 10106 | D:9      | Reached skill level 5 in Maces & Flails
 10156 | D:9      | Identified a scroll of acquirement
 10156 | D:9      | Acquired 1015 gold pieces
 10409 | D:10     | Entered Level 10 of the Dungeon
 10433 | D:10     | Noticed Maggie
 10442 | D:10     | Killed Maggie
 10455 | D:10     | Noticed Joseph
 10513 | D:10     | Killed Joseph
 10975 | D:10     | Reached skill level 6 in Fighting
 11019 | D:10     | Reached skill level 5 in Evocations
 11403 | D:11     | Found Fymeqin's Distillery.
 11413 | D:11     | Bought a potion of invisibility for 112 gold pieces
 11413 | D:11     | Bought a potion of curing for 42 gold pieces
 11413 | D:11     | Bought a potion of curing for 42 gold pieces
 11413 | D:11     | Bought a potion of berserk rage for 70 gold pieces
 11413 | D:11     | Bought a potion of mutation for 112 gold pieces
 11413 | D:11     | Bought a potion of curing for 42 gold pieces
 11413 | D:11     | Bought a potion of curing for 42 gold pieces
 11413 | D:11     | Bought a potion of curing for 42 gold pieces
 11413 | D:11     | Bought 2 potions of curing for 84 gold pieces
 11413 | D:11     | Bought a potion of berserk rage for 70 gold pieces
 11462 | D:11     | Offered knowledge of Static Discharge by Vehumet.
 11489 | D:11     | Reached *** piety under Vehumet
 11502 | D:11     | Found a flagged portal.
 11511 | Bailey   | Entered a bailey
 11627 | Bailey   | Offered knowledge of Sticky Flame by Vehumet.
 11706 | Bailey   | Acquired a book of Power
 11715 | Bailey   | Learned a level 6 spell: Iron Shot
 11721 | Bailey   | Learned a level 5 spell: Bolt of Magma
 11736 | Bailey   | Reached skill level 5 in Dodging
 11938 | D:11     | Noticed an unseen horror
 11949 | D:11     | Killed an unseen horror
 11979 | D:11     | Reached **** piety under Vehumet
 12009 | D:11     | Noticed a manticore
 12018 | D:11     | Killed a manticore
 12027 | D:11     | Offered knowledge of Irradiate by Vehumet.
 12246 | D:11     | Found a staircase to the Lair.
 12271 | D:11     | Reached XP level 12. HP: 71/71 MP: 22/22
 12350 | D:12     | Reached skill level 10 in Earth Magic
 12435 | D:12     | Reached skill level 7 in Fighting
 12465 | D:12     | Learned a level 5 spell: Irradiate
 12794 | D:12     | Noticed a centaur warrior
 12799 | D:12     | Reached ***** piety under Vehumet
 12800 | D:12     | Offered knowledge of Eringya's Noxious Bog by Vehumet.
 12801 | D:12     | Killed a centaur warrior
 13475 | D:12     | Found a staircase to the Orcish Mines.
 13501 | D:12     | Reached skill level 8 in Fighting
 13621 | D:13     | Found a gate to the Vaults.
 13621 | D:13     | Noticed a centaur warrior
 13621 | D:13     | Noticed a two-headed ogre
 13692 | D:13     | Killed a centaur warrior
 13693 | D:13     | Reached XP level 13. HP: 78/78 MP: 17/25
 13711 | D:13     | Offered knowledge of Hailstorm by Vehumet.
 14123 | D:13     | You fall into a shaft and drop 1 floor!
 14334 | D:13     | Noticed Josephine
 14345 | D:13     | Killed Josephine
 14366 | D:13     | Reached skill level 9 in Fighting
 14508 | D:13     | Found a portal to a secret trove of treasure.
 14517 | D:13     | You paid a toll of 4 scrolls of fog to enter a treasure
                  | trove
 14518 | Trove    | Entered a treasure trove
 14518 | Trove    | Found the amulet of the Four Winds {rN+ Will+++ Clar}
 14521 | Trove    | Got a warped diamond amulet
 14523 | Trove    | Got a glittering amber ring
 14553 | Trove    | Got a transparent lead amulet
 14555 | Trove    | Got a coiled granite ring
 14557 | Trove    | Got a vibrating iron ring
 14560 | Trove    | Got a transparent glass ring
 14570 | Trove    | Identified the amulet of Gixteph {Acrobat rElec rF+ Dex+2}
                  | (You found it in a treasure trove)
 14571 | Trove    | Identified the amulet "Uxtomy Ikkou" {rElec Regen+ Int+2
                  | Dex+4} (You found it in a treasure trove)
 14583 | Trove    | Identified the ring of Qyrifub {Int+6 Slay+3} (You found it
                  | in a treasure trove)
 14589 | Trove    | Identified the ring "Mynoov" {Int+4 Stlth+} (You found it
                  | in a treasure trove)
 14591 | Trove    | Identified the ring of the Good {*Drain *Slow rElec rC++
                  | Stlth+} (You found it in a treasure trove)
 14593 | Trove    | Identified the ring "Kaaxahuh" {rC+ SInv} (You found it in
                  | a treasure trove)
 14922 | D:14     | Reached skill level 10 in Conjurations
 15363 | D:14     | Offered knowledge of Ozocubu's Refrigeration by Vehumet.
 15397 | D:14     | Gained mutation: Your large and strong wings let you fly
                  | indefinitely. [Gargoyle growth]
 15397 | D:14     | Reached XP level 14. HP: 86/86 MP: 5/27
 16122 | D:15     | Entered Level 15 of the Dungeon
 16230 | Lair:1   | Entered Level 1 of the Lair of Beasts
 17313 | Lair:1   | Offered knowledge of Starburst by Vehumet.
 17359 | Lair:1   | Found the +8 whip "Snakebite" {curare, rPois}
 17797 | Lair:2   | Found a runed translucent door.
 17797 | Lair:2   | Found a shimmering altar of Xom.
 17797 | Lair:2   | Identified the +8 long sword of Imuloix {chaos, rElec
                  | Will+}
 17797 | Lair:2   | Noticed Okhlollyo's ghost (journeyman MiFi)
 18054 | Lair:2   | You are sucked into a shaft and drop 2 floors!
 18258 | Lair:3   | Noticed Urug
 18268 | Lair:3   | Killed Urug
 18269 | Lair:3   | Reached skill level 10 in Fighting
 18414 | Lair:3   | Found a staircase to the Swamp.
 18415 | Lair:3   | Reached skill level 1 in Fire Magic
 19353 | Lair:4   | Noticed Sonja
 19354 | Lair:4   | Killed Sonja
 19721 | Lair:4   | Found a staircase to the Snake Pit.
 20389 | Lair:5   | Found a viscous altar of Jiyva.
 20389 | Lair:5   | Found a staircase to the Slime Pits.
 20394 | Lair:5   | Upgraded the game from 0.27-a0-262-gc50aac273e to
                  | 0.27-a0-277-g024f7ef292
 20453 | Lair:5   | Found a dark tunnel.
 20465 | Volcano  | Entered a volcano
 20845 | Volcano  | Reached XP level 15. HP: 92/92 MP: 19/28
 21756 | Lair:6   | Entered Level 6 of the Lair of Beasts
 21883 | Lair:6   | Offered knowledge of Lightning Bolt by Vehumet.
 22256 | Lair:6   | Reached skill level 10 in Spellcasting
 22301 | Lair:6   | Reached skill level 5 in Fire Magic
 22696 | Lair:6   | Found the -2 hat of the Alchemist {rElec rPois rF+ rC+ rN+
                  | Will+ rMut rCorr}
 23063 | Lair:6   | Reached skill level 10 in Maces & Flails
 23404 | Orc:1    | Entered Level 1 of the Orcish Mines
 23440 | Orc:1    | Found Xuwow's Armour Shop.
 23787 | Orc:2    | Entered Level 2 of the Orcish Mines
 23791 | Orc:2    | Noticed an orc warlord
 23794 | Orc:2    | Reached ****** piety under Vehumet
 23797 | Orc:2    | Offered knowledge of Conjure Ball Lightning by Vehumet.
 24022 | Orc:2    | Killed an orc warlord
 24317 | Orc:2    | Reached XP level 16. HP: 99/99 MP: 23/30
 24643 | Orc:2    | Reached skill level 11 in Fighting
 24649 | Orc:2    | Found Ageodatz's Weapon Emporium.
 24649 | Orc:2    | Found Amaukuell's Jewellery Shop.
 24744 | Orc:2    | Found Agoth's Weapon Emporium.
 24744 | Orc:2    | Found Fukkuh's Magic Scroll Shop.
 24763 | Orc:2    | Bought a scroll of summoning for 161 gold pieces
 24763 | Orc:2    | Bought a scroll of identify for 34 gold pieces
 24763 | Orc:2    | Bought a scroll of blinking for 127 gold pieces
 24824 | Orc:2    | Found a staircase to the Elven Halls.
 25233 | D:15     | Found a staircase to the Depths.
 25577 | D:15     | Offered knowledge of Lehudib's Crystal Spear by Vehumet.
 25665 | D:15     | Noticed Gekinioc's ghost (journeyman NaBe)
 25906 | D:15     | Found a transporter.
 25917 | D:15     | Found a transporter.
 26111 | D:15     | Gained mutation: You are weak. (Str -2) [a neqoxec]
 26117 | D:15     | Gained mutation: Armour fits poorly on your strangely
                  | shaped body. [a neqoxec]
 26119 | D:15     | Killed Gekinioc's ghost
 26466 | Snake:1  | Entered Level 1 of the Snake Pit
 26829 | Snake:1  | Noticed Donald
 26835 | Snake:1  | Killed Donald
 28550 | Snake:2  | Found Umnem's Book Shoppe.
 28715 | Snake:2  | Noticed Louise
 28733 | Snake:2  | Killed Louise
 28734 | Snake:2  | Reached XP level 17. HP: 62/104 MP: 7/31
 29285 | Snake:2  | Noticed Roxanne
 29290 | Snake:2  | Killed Roxanne
 29484 | Snake:2  | Offered knowledge of Fire Storm by Vehumet.
 29484 | Snake:2  | Offered knowledge of Ignition by Vehumet.
 29484 | Snake:2  | Offered knowledge of Absolute Zero by Vehumet.
 29737 | Snake:2  | Found a runed translucent gate.
 29737 | Snake:2  | Found a runed translucent gate.
 29738 | Snake:2  | Found a runed translucent gate.
 29739 | Snake:2  | Noticed kutty's ghost (adept OgBe)
 29739 | Snake:2  | Noticed Morbidden's ghost (adept TrFi)
 29739 | Snake:2  | Noticed Beaer's ghost (journeyman VSBr)
 30447 | Snake:3  | Learned a level 8 spell: Ignition
 30663 | Snake:3  | Reached skill level 10 in Fire Magic
 31253 | Snake:3  | Noticed Saint Roka
 31275 | Snake:3  | Killed Saint Roka
 31770 | Swamp:1  | Entered Level 1 of the Swamp
 32333 | Swamp:1  | Identified the cursed +0 leather armour of Ufur {rC+ Regen+
                  | Int-4 Dex+3} (You found it on level 1 of the Swamp)
 34065 | Swamp:3  | Reached XP level 18. HP: 46/111 MP: 32/32
 34396 | Swamp:3  | Noticed confidenceinterval's ghost (adept TrFi)
 34396 | Swamp:3  | Noticed a tentacled monstrosity
 34401 | Swamp:3  | Found a transporter.
 34415 | Swamp:3  | Found a transporter.
 35094 | Swamp:3  | Killed a tentacled monstrosity
 35644 | Elf:1    | Entered Level 1 of the Elven Halls
 35828 | Elf:1    | Reached skill level 10 in Evocations
 36641 | Elf:1    | Identified Dispater's Guide on Creative Combat Magic
 37121 | Elf:2    | Reached skill level 12 in Fighting
 37365 | Elf:2    | Reached skill level 15 in Fire Magic
 37810 | Elf:2    | Found a runed translucent gate.
 37813 | Elf:2    | Found a runed translucent gate.
 37814 | Elf:2    | Found a runed translucent gate.
 37846 | Elf:2    | Found a runed translucent door.
 37847 | Elf:2    | Noticed Canirch's ghost (adept HOFi)
 38215 | Elf:3    | Entered Level 3 of the Elven Halls
 38282 | Elf:3    | Found Olaloop's Jewellery Shoppe.
 38414 | Elf:3    | Reached XP level 19. HP: 106/116 MP: 34/34
 38437 | Elf:3    | Reached skill level 15 in Earth Magic
 38452 | Elf:3    | Reached skill level 10 in Dodging
 38875 | Elf:3    | Identified Wuukilin's Reference Book on Scorching Ice
 39031 | Elf:3    | Identified the +2 leather armour of Objectivity {-Cast
                  | rElec Str+2} (You found it on level 3 of the Elven Halls)
 39442 | Elf:3    | Acquired the ring of Virtue {+Inv rPois EV+4 Dex+2 Stlth+}
 39548 | Elf:3    | Noticed a Brimstone Fiend
 39866 | Elf:3    | Found Olaloop's Jewellery Shoppe.
 40761 | Swamp:4  | Entered Level 4 of the Swamp
 40776 | Swamp:4  | Noticed Aizul
 40786 | Swamp:4  | Killed Aizul
 41413 | Swamp:4  | Noticed a bone dragon
 41424 | Swamp:4  | Killed a bone dragon
 41425 | Swamp:4  | Reached XP level 20. HP: 66/124 MP: 9/35
 41528 | Swamp:4  | Got a decaying rune of Zot
 41858 | Snake:4  | Entered Level 4 of the Snake Pit
 42718 | Snake:4  | Reached skill level 13 in Fighting
 43307 | Snake:4  | Got a serpentine rune of Zot
 43761 | Vaults:1 | Entered Level 1 of the Vaults
 43885 | Vaults:1 | Found a magical portal.
 43906 | WizLab   | Entered Cigotuvi's Fleshworks
 44173 | WizLab   | Identified Cigotuvi's Catalogue of Evil Transformation
 44176 | WizLab   | Identified the Almanac of Changing
 44178 | WizLab   | Identified Qaaptosm's Almanac of Shape Shifting
 44322 | WizLab   | Reached XP level 21. HP: 130/130 MP: 31/37
 44623 | WizLab   | Identified the +1 hat of Grace {*Corrode rF+ Will+ Regen+}
                  | (You found it in a wizard's laboratory)
 45429 | Vaults:1 | Found Kiymnaom's Antique Armour Boutique.
 45868 | Vaults:1 | Learned a level 9 spell: Shatter
 46130 | Vaults:2 | Paralysed by a great orb of eyes for 7 turns
 46612 | Vaults:2 | Found Waacvu Xahoi's Distillery.
 46626 | Vaults:2 | Bought a potion of curing for 57 gold pieces
 46626 | Vaults:2 | Bought a potion of curing for 57 gold pieces
 46626 | Vaults:2 | Bought a potion of brilliance for 76 gold pieces
 46626 | Vaults:2 | Bought a potion of heal wounds for 95 gold pieces
 46626 | Vaults:2 | Bought a potion of cancellation for 152 gold pieces
 46626 | Vaults:2 | Bought a potion of curing for 57 gold pieces
 46626 | Vaults:2 | Bought a potion of invisibility for 152 gold pieces
 46626 | Vaults:2 | Bought a potion of heal wounds for 95 gold pieces
 46626 | Vaults:2 | Bought 2 potions of magic for 304 gold pieces
 46626 | Vaults:2 | Bought a potion of ambrosia for 152 gold pieces
 47269 | Vaults:2 | Reached skill level 14 in Fighting
 47357 | Vaults:2 | Lost mutation: You have large cloven feet. [potion of
                  | mutation]
 47357 | Vaults:2 | Lost mutation: Armour fits poorly on your strangely shaped
                  | body. [potion of mutation]
 47357 | Vaults:2 | Lost mutation: You are weak. (Str -2) [potion of mutation]
 47357 | Vaults:2 | Gained mutation: You are surrounded by a mild repulsion
                  | field. (EV +2) [potion of mutation]
 47357 | Vaults:2 | Gained mutation: You expend magic power (3 MP) to
                  | strengthen your wands. [potion of mutation]
 47357 | Vaults:2 | Gained mutation: You have a somewhat thin skeletal
                  | structure. (Dex +2, Stealth) [potion of mutation]
 47827 | Vaults:3 | Reached XP level 22. HP: 135/137 MP: 30/38
 47893 | Vaults:3 | Found a staircase to the Crypt.
 48554 | Vaults:3 | Reached skill level 15 in Conjurations
 48615 | Vaults:3 | Identified the Tome of Burning Stolen Souls
 48697 | Vaults:3 | Found a runed translucent gate.
 48697 | Vaults:3 | Found a runed translucent gate.
 48697 | Vaults:3 | Found a runed translucent gate.
 48698 | Vaults:3 | Identified the +7 quarterstaff "Tirphyum" {elec, rC+ Will-
                  | Stlth+}
 48698 | Vaults:3 | Noticed Acleikk's ghost (adept GrEE)
 48735 | Vaults:3 | Killed Acleikk's ghost
 48768 | Vaults:3 | Noticed Boris
 48835 | Vaults:3 | Killed Boris
 49547 | Vaults:4 | Reached XP level 23. HP: 143/143 MP: 31/40
 49604 | Vaults:4 | Found a runed translucent gate.
 49604 | Vaults:4 | Found a runed translucent gate.
 49604 | Vaults:4 | Noticed Bonn's ghost (veteran KoDe)
 49605 | Vaults:4 | Found a runed translucent gate.
 49666 | Vaults:4 | Killed Bonn's ghost
 49903 | Vaults:4 | Identified the +2 buckler of Buffaleff {Rampage rF+++ rCorr
                  | Str-4}
 50061 | Vaults:4 | Reached skill level 15 in Fighting
 50741 | Vaults:5 | Entered Level 5 of the Vaults
 50751 | Vaults:5 | Noticed a golden dragon
 50753 | Vaults:5 | Identified the cursed +1 glaive of Ash {drain, +Blink SInv}
 50756 | Vaults:5 | Noticed a golden dragon
 50756 | Vaults:5 | Noticed a dread lich
 50757 | Vaults:5 | Noticed a golden dragon
 50759 | Vaults:5 | Reached XP level 24. HP: 85/151 MP: 40/40
 50759 | Vaults:5 | Killed a dread lich
 50992 | Vaults:5 | Identified the amulet of Voun {Faith Str+9 Dex-4 Stlth+}
 51038 | Vaults:5 | Reached skill level 16 in Fighting
 51427 | Vaults:5 | Found the +9 scales of the Dragon King {rPois rF+ rC+
                  | Will+}
 51583 | Vaults:5 | Identified the +1 pair of boots of Kindness {rElec rN+
                  | MP+9} (You found it on level 5 of the Vaults)
 51704 | Vaults:5 | Got a silver rune of Zot
 52057 | Vaults:5 | Learned a level 9 spell: Fire Storm
 52271 | Depths:1 | Entered Level 1 of the Depths
 52271 | Depths:1 | Found a one-way gate leading to the halls of Pandemonium.
 52274 | Depths:1 | Reached XP level 25. HP: 157/157 MP: 41/41
 52278 | Depths:1 | Reached skill level 15 in Maces & Flails
 52946 | Depths:1 | Found a gateway to Hell.
 53917 | Depths:1 | Identified the cursed +0 mace of Spite {drain, rC+ Str+4
                  | Dex+2}
 54069 | Depths:2 | Reached skill level 15 in Dodging
 54070 | Depths:2 | Noticed Nikola
 54225 | Depths:2 | Killed Nikola
 54714 | Depths:2 | Reached skill level 15 in Spellcasting
 54838 | Depths:2 | Identified the +1 helmet of Bairph {*Slow Int+3 Dex+8} (You
                  | found it on level 2 of the Depths)
 55185 | Depths:2 | Found a broken altar of Ashenzari.
 55446 | Depths:3 | Reached XP level 26. HP: 150/165 MP: 42/42
 55448 | Depths:3 | Reached skill level 17 in Fighting
 56028 | Depths:3 | Found the +0 pair of fencer's gloves {Riposte Dex+3}
 56791 | Depths:4 | Found a gateway to a ziggurat.
 56830 | Depths:4 | Found a one-way gate to the infinite horrors of the Abyss.
 57172 | Depths:4 | Found a transporter.
 57175 | Depths:4 | Found a transporter.
 57179 | Depths:4 | Found a viscous altar of Jiyva.
 57244 | Depths:4 | Got a bound pewter ring
 57245 | Depths:4 | Identified the ring of Okawaru's Wrath {+Fly rPois Slay+2
                  | SInv} (You found it on level 4 of the Depths)
 57447 | Depths:5 | Entered Level 5 of the Depths
 57458 | Depths:5 | Reached skill level 18 in Fighting
 58038 | Depths:5 | Reached XP level 27. HP: 163/173 MP: 25/43
 58149 | Depths:5 | Found a gate to the Realm of Zot.
 59633 | Slime:1  | Entered Level 1 of the Pits of Slime
 59675 | Slime:1  | Reached skill level 1 in Shields
 59684 | Slime:1  | Lost mutation: You expend magic power (3 MP) to strengthen
                  | your wands. [a shining eye]
 59843 | Slime:2  | Paralysed by a great orb of eyes for 2 turns
 59963 | Slime:5  | Entered Level 5 of the Pits of Slime
 60021 | Slime:5  | Noticed the Royal Jelly
 60026 | Slime:5  | Killed the Royal Jelly
 60263 | Slime:5  | Lost mutation: You are agile. (Dex +2) [a shining eye]
 60265 | Slime:5  | Gained mutation: Armour fits poorly on your strangely
                  | shaped body. [a shining eye]
 60266 | Slime:5  | Gained mutation: Your body sometimes deteriorates upon
                  | taking damage. [a shining eye]
 60285 | Slime:5  | Paralysed by a floating eye for 2 turns
 60305 | Slime:5  | HP: 8/176 [acid (5)]
 60560 | Slime:5  | Got a crude lapis lazuli ring
 60561 | Slime:5  | Identified the ring "Wore" {*Tele *Contam rPois rC+ rN+++}
                  | (You found it on level 5 of the Pits of Slime)
 60564 | Slime:5  | Got a slimy rune of Zot
 60573 | Slime:5  | Identified the cursed +0 robe "Duhiqy" {rPois Int+2} (You
                  | found it on level 5 of the Pits of Slime)
 60579 | Slime:5  | Found the +3 robe of Folly {Archmagi, Will-- Int+5}
 60875 | D:15     | Lost mutation: Armour fits poorly on your strangely shaped
                  | body. [potion of mutation]
 60875 | D:15     | Lost mutation: Your body sometimes deteriorates upon taking
                  | damage. [potion of mutation]
 60875 | D:15     | Gained mutation: You are partially covered in iridescent
                  | scales. (AC +2) [potion of mutation]
 60875 | D:15     | Gained mutation: Your spells are a little harder to cast,
                  | but a little more powerful. [potion of mutation]
 61046 | Crypt:1  | Entered Level 1 of the Crypt
 61236 | Crypt:1  | Reached skill level 19 in Fighting
 61750 | Crypt:1  | Found a basalt altar of Yredelemnul.
 62063 | Crypt:2  | Identified the Incunabulum of the Compass
 62189 | Crypt:2  | Found a runed translucent gate.
 62189 | Crypt:2  | Found a runed translucent gate.
 62189 | Crypt:2  | Found a runed translucent gate.
 62191 | Crypt:2  | Found an ancient bone altar of Kikubaaqudgha.
 62191 | Crypt:2  | Noticed Bibloirgh's ghost (veteran DECj)
 62191 | Crypt:2  | Noticed an ancient lich
 62199 | Crypt:2  | Killed an ancient lich
 62203 | Crypt:2  | Killed Bibloirgh's ghost
 62219 | Crypt:2  | Got a crude wooden ring
 62220 | Crypt:2  | Identified the ring of Peiroreh {Ice rPois Dex+7} (You
                  | found it on level 2 of the Crypt)
 62225 | Crypt:2  | Identified the +3 helmet of Ethereal Surprise {rC+ Str+4
                  | Stlth-} (You found it on level 2 of the Crypt)
 62876 | Crypt:3  | Entered Level 3 of the Crypt
 63028 | Crypt:3  | Found a staircase to the Tomb.
 63197 | Crypt:3  | Paralysed by a vampire knight for 6 turns
 63224 | Crypt:3  | Paralysed by a vampire knight for 3 turns
 63338 | Crypt:3  | Found an ancient bone altar of Kikubaaqudgha.
 63670 | Crypt:3  | Reached skill level 20 in Fighting
 63779 | Crypt:3  | Noticed Sojobo
 63798 | Crypt:3  | Killed Sojobo
 64215 | Crypt:3  | Identified the Tome of Battle Magic and the Traveller
 64804 | Depths:4 | Voluntarily entered the Abyss.
 65160 | Depths:4 | Escaped the Abyss
 65333 | Depths:4 | Voluntarily entered the Abyss.
 65349 | Abyss:1  | Found a corrupted altar of Lugonu.
 65383 | Abyss:1  | Found a basalt altar of Yredelemnul.
 65713 | Abyss:3  | Got an abyssal rune of Zot
 65719 | Depths:4 | Escaped the Abyss
 65790 | Depths:4 | Learned a level 8 spell: Necromutation
 65964 | Zig:1    | Entered Level 1 of a ziggurat
 65996 | Zig:2    | Entered Level 2 of a ziggurat
 66001 | Zig:2    | Reached skill level 1 in Necromancy
 66001 | Zig:2    | Reached skill level 1 in Transmutations
 66037 | Zig:3    | Entered Level 3 of a ziggurat
 66056 | Zig:4    | Entered Level 4 of a ziggurat
 66169 | Zig:4    | Got a coiled gossamer ring
 66170 | Zig:4    | Identified the ring of Lady Luck {Str+3 Slay+4} (You found
                  | it on level 4 of a ziggurat)
 66181 | Zig:5    | Entered Level 5 of a ziggurat
 66216 | Zig:6    | Entered Level 6 of a ziggurat
 66226 | Zig:6    | Found the +2 hood of the Assassin {Detection Stab+ Stlth++}
 66263 | Zig:7    | Entered Level 7 of a ziggurat
 66274 | Zig:7    | Reached skill level 5 in Necromancy
 66304 | Zig:8    | Entered Level 8 of a ziggurat
 66313 | Zig:8    | Reached skill level 5 in Transmutations
 66350 | Zig:9    | Entered Level 9 of a ziggurat
 66379 | Zig:9    | Identified the cursed +0 pair of gloves "Forr" {rPois
                  | Will+} (You found it on level 9 of a ziggurat)
 66402 | Zig:10   | Entered Level 10 of a ziggurat
 66410 | Zig:10   | Identified the +3 tower shield of Emiol {rN+ Str+4 Slay-2}
 66496 | Zig:11   | Entered Level 11 of a ziggurat
 66507 | Zig:11   | Reached skill level 10 in Necromancy
 66667 | Zig:12   | Entered Level 12 of a ziggurat
 66716 | Zig:12   | Got a flickering lapis lazuli ring
 66717 | Zig:12   | Identified the ring "Jeush" {rF+ AC+4 Int+4} (You found it
                  | on level 12 of a ziggurat)
 66723 | Zig:13   | Entered Level 13 of a ziggurat
 66756 | Zig:13   | Got a sparkling golden amulet
 66758 | Zig:13   | Identified the amulet "Xebur" {Inacc Str+6} (You found it
                  | on level 13 of a ziggurat)
 66762 | Zig:13   | Identified the Papyrus of Transmigration and Flight
 66782 | Zig:14   | Entered Level 14 of a ziggurat
 66877 | Zig:14   | Identified the Collected Works on the Traveller and the
                  | Snowflakes
 66891 | Zig:15   | Entered Level 15 of a ziggurat
 66901 | Zig:15   | Reached skill level 10 in Transmutations
 66902 | Zig:15   | Noticed an ancient lich
 66902 | Zig:15   | Noticed a dread lich
 66904 | Zig:15   | Killed an ancient lich
 66904 | Zig:15   | Killed a dread lich
 66930 | Zig:15   | Identified the Papyrus of Flamy Battle Magic
 66933 | Zig:15   | Identified the Almanac of Displaced Contamination
 66941 | Zig:15   | Got an ancient platinum ring
 66942 | Zig:15   | Identified the ring of the Howling Fool {MP+9 Str+4} (You
                  | found it on level 15 of a ziggurat)
 66962 | Zig:15   | Identified the Incunabulum of Supportive Air
 66967 | Zig:16   | Entered Level 16 of a ziggurat
 66983 | Zig:16   | Reached skill level 15 in Necromancy
 67004 | Zig:16   | Identified the +0 helmet of Calculation {-Tele *Drain +Inv
                  | Dex+6} (You found it on level 16 of a ziggurat)
 67040 | Zig:16   | Learned a level 9 spell: Absolute Zero
 67043 | Zig:17   | Entered Level 17 of a ziggurat
 67054 | Zig:17   | Reached skill level 5 in Ice Magic
 67188 | Zig:18   | Entered Level 18 of a ziggurat
 67348 | Zig:18   | Identified Apuafum's Papyrus of the Frostbite and Black
                  | Magic
 67354 | Zig:18   | Identified the Guide on Battle Magic and Flight
 67388 | Zig:19   | Entered Level 19 of a ziggurat
 67399 | Zig:19   | Noticed a dread lich
 67403 | Zig:19   | Killed a dread lich
 67429 | Zig:19   | Got a steaming silver amulet
 67430 | Zig:19   | Identified the amulet of Ucuuweb {RegenMP rPois rF++ Str-3
                  | Dex+3} (You found it on level 19 of a ziggurat)
 67477 | Zig:20   | Entered Level 20 of a ziggurat
 67533 | Zig:20   | Got a smoking steel amulet
 67534 | Zig:20   | Identified the amulet of Vynwoilo {Reflect *Corrode rF+
                  | Str+2 SH+5} (You found it on level 20 of a ziggurat)
 67548 | Zig:20   | Identified Runapp's Volume of Icy Lightness
 67553 | Zig:20   | Identified the Reference Book on Creative Changing
 67558 | Zig:20   | Identified Riurats's Guide on Damaging Evil Rituals
 67572 | Zig:20   | Identified the +1 leather armour "Cuanod" {rN+} (You found
                  | it on level 20 of a ziggurat)
 67573 | Zig:20   | Reached skill level 21 in Fighting
 67605 | Zig:21   | Entered Level 21 of a ziggurat
 67761 | Zig:21   | Found the amulet of the Air {Inacc +Fly rElec EV+5 RMsl}
 67788 | Zig:21   | Identified the Reference Book on Freezing Translocation
 67792 | Zig:22   | Entered Level 22 of a ziggurat
 67820 | Zig:22   | Found the +6 shillelagh "Devastator" {shatter}
 67912 | Zig:22   | Got a fine jade ring
 67913 | Zig:22   | Identified the ring of the Shining One's Hope {rPois Str-2
                  | Dex+8 SInv Stlth-} (You found it on level 22 of a ziggurat)
 67940 | Zig:22   | Identified the Catalogue of Mutagenic Combat Magic
 67949 | Zig:22   | Got a slimy jade amulet
 67950 | Zig:22   | Identified the amulet "Ifoyxten" {Acrobat Fragile rElec
                  | rPois} (You found it on level 22 of a ziggurat)
 67962 | Zig:23   | Entered Level 23 of a ziggurat
 67984 | Zig:23   | Reached skill level 22 in Fighting
 68062 | Zig:23   | Got a fine turquoise ring
 68063 | Zig:23   | Identified the ring of Asyvvuaz {rN+ Str+2 Int+5} (You
                  | found it on level 23 of a ziggurat)
 68076 | Zig:23   | Got a flickering amber ring
 68077 | Zig:23   | Identified the ring "Ahoq" {+Blink rElec EV+4 Str+3 Int+3}
                  | (You found it on level 23 of a ziggurat)
 68084 | Zig:23   | Identified the Incunabulum of Moulding
 68092 | Zig:23   | Acquired 741 gold pieces
 68097 | Zig:23   | Identified the +4 quarterstaff of the Moon {vorpal, rC+}
                  | (You found it on level 23 of a ziggurat)
 68103 | Zig:23   | Identified the Grimoire of Freezing Bewitchment
 68106 | Zig:23   | Got a slimy lapis lazuli ring
 68107 | Zig:23   | Identified the ring of the Kangaroo {*Contam Str+6 Dex+4}
                  | (You found it on level 23 of a ziggurat)
 68117 | Zig:23   | Identified the Catalogue of Hexes and the Entourage
 68122 | Zig:24   | Entered Level 24 of a ziggurat
 68203 | Zig:24   | Identified the Catalogue of Floating Sinister Rituals
 68228 | Zig:24   | Got a shimmering lapis lazuli ring
 68229 | Zig:24   | Identified the ring "Lownibap" {rC+ rCorr Stlth+} (You
                  | found it on level 24 of a ziggurat)
 68236 | Zig:24   | Identified the Tome of the Chupacabra
 68248 | Zig:24   | Identified the +1 buckler of Minor Irritation {rF- Regen+
                  | rCorr} (You found it on level 24 of a ziggurat)
 68255 | Zig:25   | Entered Level 25 of a ziggurat
 68267 | Zig:25   | Noticed Rimit the pandemonium lord
 68272 | Zig:25   | Reached skill level 23 in Fighting
 68272 | Zig:25   | Killed Rimit the pandemonium lord
 68275 | Zig:25   | Killed from afar by a Brimstone Fiend

Illustrated notes

Levels and vault maps discovered:
D:1:      noname_arrival_rooms_in_the_neighbourhood, layout_basic,
          minmay_pentomino_u4
D:2:      layout_rooms, nicolae_gozag_cash_rules_everything_around_me
D:3:      layout_rooms, overflow_temple_1_default, gup_sewer_entry_pipe,
          tso_metal_star, uniq_grinder
D:4:      layout_cave_pods, serial_shops, nicolae_shop_stone,
          nicolae_ru_awakened_eye
D:5:      layout_basic, temple_fountains, sigmund_edmund_badplayer
D:6:      layout_gridville, uniq_edmund
D:7:      layout_basic, basic_altar, serial_shops, kennysheep_mini_moat, shop,
          nicolae_shop_trees, nicolae_shop_crystal,
          nicolae_shop_window_shopping, dk_noncrumbling_4
D:8:      layout_loops_ring
D:9:      minmay_statue_hallways, layout_basic, uniq_pikel
D:10:     layout_loops_ring, uniq_maggie, uniq_joseph
D:11:     layout_gridville, lair_entry_dummy, serial_shops, shop, enter_bailey_3
D:12:     layout_irregular_city, kennysheep_orc_monster_closet_entryway
D:13:     layout_long_grid, david_vaults_3, enter_trove_2, uniq_josephine
D:14:     layout_basic, abandoned_shop, minivault_27,
          hangedman_parallel_progression
D:15:     grunt_enter_depths_giant_problem, layout_rooms,
          gammafunk_ghost_stat_death, chequers_garden, eino_curves_03,
          lemuel_old_faithful
Temple:   minmay_crystal_snake_temple
Lair:1:   minmay_guarded_unrand_snakebite, layout_long_grid, special_room
          [special_room_bee], grunt_megastairs_3, serial_bayou_shore_a
Lair:2:   layout_misc_corridors, ebering_ghost_xom
Lair:3:   layout_cave_pods, minmay_swamp_entry_swarm,
          chequers_serial_rivers_small_b, grunt_megastairs_4, uniq_urug
Lair:4:   layout_cave_pods, minmay_snake_entry_guardpost_medium, uniq_sonja
Lair:5:   layout_regular_city, slime_altar_1, nicolae_volcano_entry_lava_flow,
          lemuel_fruit_tree
Lair:6:   grunt_lair_end_beastmaster, layout_concentric_octagons
Swamp:1:  layout_falls_marsh, infiniplex_staircase_pool, swamp_pool5,
          nicolae_swamp_feature_on_the_river_bank
Swamp:2:  layout_falls_marsh, hangedman_swamp_blocks
Swamp:3:  layout_basic_swamp, gammafunk_ghost_arena, nicolae_swamp_treefoil,
          swamp_pool2
Swamp:4:  swamp_pestilence, layout_basic_swamp, uniq_aizul
Snake:1:  layout_chambers, uniq_donald
Snake:2:  layout_layer_cave, gammafunk_ghost_cemetery, minmay_shop_star,
          serial_bayou_shore_b, grunt_megastairs_2, uniq_roxanne, uniq_louise
Snake:3:  layout_grid_maze, serial_bayou_pond_e, uniq_saint_roka
Snake:4:  snake_pit_salamanders_mu, layout_basic, nicolae_snake_single_loop
Slime:1:  cheibrodos_slime_lost_civilization_3, layout_caves
Slime:2:  layout_caves, basic_altar
Slime:3:  layout_caves, nicolae_slime_barrier,
          nicolae_slime_ancient_tower_intersection
Slime:4:  layout_caves
Slime:5
Orc:1:    layout_caves, serial_shops, shop
Orc:2:    grunt_orc_tribal_feast, layout_caves, mines_bat_river
Elf:1:    eino_elf_arrival_sip, layout_geoelf_octagon, minmay_elf_sorcery,
          onia_ninara_cookie
Elf:2:    layout_gridlike, serial_glass, glass_columns_c, glass_columns_a,
          glass_columns_b, glass_columns_b, glass_columns_c, glass_columns_c,
          glass_columns_b, glass_columns_a, ebering_ghost_inner_flame
Elf:3:    grunt_elf_hall_diamonds, layout_onion_city, serial_shops,
          nicolae_shop_stone
Vaults:1: v_misc_16, nicolae_vaults_alarming, nicolae_vaults_ring_of_whatevers,
          v_rooms_5, nicolae_vaults_little_squares_1, vaults_mumra_minichess,
          hangedman_vaults_locks, nicolae_vaults_three_branches, v_pattern_1,
          ontoclasm_vaults_ring_square, vaults_room_pools, layout_vaults_ring,
          serial_shops, nicolae_shop_statue_plus, mu_enter_wizlab_1
Vaults:2: vaults_dpeg_doors, v_misc_26, dpeg_vaults_pockets_of_resistance,
          vaults_dpeg_hooks, vaults_mumra_chevron, nicolae_vaults_network_s,
          vaults_room_grid, grunt_vaults_focal, grunt_vaults_bifocal, v_misc_27,
          grunt_vaults_hallway_long, nicolae_vaults_specimen_jars,
          layout_vaults_omnicross, serial_shops, shop
Vaults:3: gammafunk_vaults_ghost_split, v_misc_25, vaults_room_semicircle,
          ontoclasm_vaults_tryst, hangedman_vaults_maws,
          nicolae_vaults_holding_cells, minmay_crypt_entry_simple_corners,
          dpeg_vaults_monster_row, vaults_mumra_hex, grunt_vaults_hallway_long,
          vaults_room_stairs_pillars, nicolae_vaults_angled_halls,
          layout_vaults_omnibox, uniq_boris
Vaults:4: gammafunk_vaults_ghost_split, v_misc_10,
          nicolae_vaults_little_squares_4, nicolae_vaults_diagonal_hallway_7,
          v_misc_17, st_more_cells, nicolae_vaults_circle_grid_a,
          grunt_vaults_twisty, v_misc_9, v_misc_18, vaults_mumra_hexcomb,
          grunt_vaults_funnel, nicolae_vaults_ring_of_whatevers,
          hangedman_vaults_impose, serial_ice_h, layout_vaults_maze,
          uniq_margery
Vaults:5: serial_shops
Crypt:1:  layout_basic, minivault_4, lemuel_mausoleum_altar_yredelemnul
Crypt:2:  hangedman_staggered_hall, layout_regular_city, gammafunk_ghost_crypt
Crypt:3:  due_elkab, layout_chaotic_city, tomb_entry_simple_bobbens,
          basic_altar, uniq_sojobo
Depths:1: layout_honeycomb, pan_entry, lightli_too_deep, minmay_pinched_square,
          grunt_megastairs_1
Depths:2: kennysheep_windowed_halls, layout_basic, evilmike_ruin_ashenzari,
          grunt_hell_entry_dis_old, minmay_staircase_bubble, uniq_nikola
Depths:3: kennysheep_big_flooded_room, layout_cave_pools,
          hangedman_coc_ice_floe, chequers_serial_rivers_micro_b,
          rand_demon_pan_entry_4
Depths:4: gammafunk_jiyva_shrine, layout_basic, enter_ziggurat_d, hell_entry,
          serial_sigils_hangedman_confine, abyss_entry, serial_glass,
          glass_columns_a, glass_columns_a, feat_on_display, feat_on_display,
          item_on_display_a, minmay_strange_pillars, lemuel_nasty_fountain
Depths:5: grunt_zot_entry_gee_three, layout_honeycomb, hell_entry,
          minmay_misc_feat_five, serial_bayou_ford_a, serial_bayou_shore_b
Zig:25

Skill      XL: |  1  2  3  4  5  6  7  8  9 10 11 12 13 14 15 16 17 18 19 20 21 22 23 24 25 26 27 |
---------------+----------------------------------------------------------------------------------+-----
Earth Magic    | 4 5 6 7 8 9 10 11 12 13 14 16 17 18 19 20 21 22 | 22.0
Conjurations   | 1 2 3 4 5 6 7 8 9 10 11 12 13 14 15 16 17 18 20 | 20.0
Spellcasting   | 3 4 5 6 7 8 9 10 11 12 13 14 15 16 20 | 20.4
Fighting       | 1 2 4 5 6 8 9 10 11 12 13 14 15 16 18 23 | 23.1
Armour         | 1 2 4 5 6 |  6.0
Evocations     | 1 2 3 4 5 6 7 8 9 10 | 10.0
Maces & Flails | 2 4 6 7 8 9 10 11 12 13 14 15 16 | 16.0
Dodging        | 2 3 4 5 6 7 8 9 10 11 12 13 14 15 | 15.0
Fire Magic     | 3 6 8 13 15 16 17 18 19 20 22 | 22.0
Stealth        | 6 |  6.6
Shields        | 4 |  4.0
Necromancy     | 15 | 15.0
Transmutations | 10 | 10.0
Ice Magic      | 20 | 20.7

Action                   |  1- 3 |  4- 6 |  7- 9 | 10-12 | 13-15 | 16-18 | 19-21 | 22-24 | 25-27 || total
-------------------------+-------+-------+-------+-------+-------+-------+-------+-------+-------++-------
Melee: Trident           |   132 |    82 |    81 |       |       |       |       |       |       ||   295
       Flail             |       |       |   126 |   514 |   874 |   545 |   476 |   257 |   460 ||  3252
       Demon whip        |       |       |       |       |       |       |    70 |       |   754 ||   824
 Cast: Sandblast         |    14 |    31 |    61 |    29 |    17 |     4 |     4 |       |       ||   160
       Stone Arrow       |       |       |     7 |     2 |       |       |       |     3 |     4 ||    16
       Lee's Rapid Decon |       |       |       |    32 |    23 |    27 |    19 |     5 |     5 ||   111
       Iron Shot         |       |       |       |    17 |    57 |   142 |   101 |    22 |    85 ||   424
       Irradiate         |       |       |       |     5 |    35 |    31 |     5 |       |       ||    76
       Bolt of Magma     |       |       |       |     3 |    35 |    36 |    10 |     2 |     1 ||    87
       Ignition          |       |       |       |       |       |    19 |    77 |    15 |    88 ||   199
       Shatter           |       |       |       |       |       |       |    11 |    90 |   263 ||   364
       Fire Storm        |       |       |       |       |       |       |       |       |    48 ||    48
       Necromutation     |       |       |       |       |       |       |       |       |     4 ||     4
       Absolute Zero     |       |       |       |       |       |       |       |       |     3 ||     3
 Abil: Fly               |       |       |       |       |     1 |       |       |       |     1 ||     2
       Stop Flying       |       |       |       |       |       |       |       |     1 |       ||     1
       End Transformatio |       |       |       |       |       |       |       |       |     3 ||     3
Evoke: Wand              |       |       |       |     6 |     8 |    11 |     4 |     3 |       ||    32
       Tin of tremorston |       |       |       |       |     3 |     5 |     5 |     2 |       ||    15
       Condenser vane    |       |       |       |       |       |       |     2 |     1 |     1 ||     4
  Use: Scroll            |       |    10 |    10 |    10 |    12 |     9 |    10 |     3 |    54 ||   118
       Potion            |       |       |     5 |     2 |       |     7 |     3 |     3 |    20 ||    40
 Stab: Sleeping          |     6 |       |     4 |     6 |     3 |     6 |     5 |     2 |    14 ||    46
       Distracted        |     1 |       |       |     2 |     2 |     1 |     1 |       |     6 ||    13
Armor: Robe              |    58 |    82 |   117 |   314 |   444 |   344 |   231 |   119 |   473 ||  2182
Dodge: Dodged            |    89 |    98 |   179 |   491 |   921 |   562 |   571 |   250 |  1196 ||  4357
Block: Buckler           |       |       |       |       |       |       |       |       |   233 ||   233
       Rpst.: Flail      |       |       |       |       |       |       |       |       |    78 ||    78
       Demon whip        |       |       |       |       |       |       |       |       |   108 ||   108

Table legend: (Time is in decaauts)
 A = Elapsed time spent in this place.
 B = Non-inter-level travel time spent in this place.
 C = Inter-level travel time spent in this place.
 D = Time resting spent in this place.
 E = Time spent auto-exploring this place.
 F = Levels seen in this place.
 G = Mean time per level.
                   A        B        C        D        E       F      G
               +--------+--------+--------+--------+--------+-----+--------+
         Total |  67763 |  62527 |   5236 |  11306 |  36315 |  87 |  778.9 |
       Dungeon |  17922 |  16467 |   1455 |   2227 |  10662 |  15 | 1194.8 |
        Temple |     46 |     30 |     16 |      0 |     24 |   1 |   46.0 |
          Lair |   7390 |   6498 |    892 |    737 |   4646 |   6 | 1231.7 |
         Swamp |   4716 |   4448 |    268 |   1559 |   2124 |   4 | 1179.0 |
     Snake Pit |   6894 |   6346 |    548 |   1068 |   4093 |   4 | 1723.5 |
    Slime Pits |   1023 |    957 |     66 |    548 |      4 |   5 |  204.6 |
  Orcish Mines |   1790 |   1693 |     97 |    499 |    823 |   2 |  895.0 |
   Elven Halls |   4866 |   4562 |    304 |    367 |   3332 |   3 | 1622.0 |
        Vaults |   7615 |   6908 |    707 |    845 |   4413 |   5 | 1523.0 |
         Crypt |   3162 |   2981 |    181 |    183 |   1762 |   3 | 1054.0 |
        Depths |   7318 |   6620 |    698 |   1741 |   3481 |   5 | 1463.6 |
         Abyss |    708 |    708 |      0 |    200 |    278 |   4 |  177.0 |
      Ziggurat |   2287 |   2287 |      0 |    829 |     29 |  25 |   91.5 |
         Trove |     93 |     93 |      0 |      0 |      0 |   1 |   93.0 |
         Sewer |    216 |    216 |      0 |     74 |     74 |   1 |  216.0 |
        Bailey |    313 |    313 |      0 |      9 |    160 |   1 |  313.0 |
       Volcano |    442 |    442 |      0 |    164 |    182 |   1 |  442.0 |
        Wizlab |    955 |    955 |      0 |    255 |    226 |   1 |  955.0 |
               +--------+--------+--------+--------+--------+-----+--------+

Top non-repeatable levels by time:
   Elf:3: 2208 daAuts
 Snake:2: 2208 daAuts
Depths:1: 1899 daAuts
Vaults:2: 1844 daAuts
    D:12: 1725 daAuts
Depths:4: 1724 daAuts
 Snake:4: 1659 daAuts
Vaults:3: 1646 daAuts
 Snake:3: 1641 daAuts
Vaults:4: 1598 daAuts
   Elf:1: 1572 daAuts
    D:15: 1553 daAuts
 Swamp:1: 1542 daAuts
    D:14: 1541 daAuts
  Lair:3: 1505 daAuts
